 Dungeon Crawl Stone Soup version 0.30-a0-913-g9934a0ce24 (webtiles) character file.

Game seed: 6252965221612603802

1591 Zonian the Grappler (level 8, -1/43 (46) HPs)
             Began as a Vine Stalker Gladiator on Mar 19, 2023.
             Was an Initiate of Ashenzari.
             Slain by a wight
             ... wielding a +0 halberd of venom
              (2 damage)
             ... on level 7 of the Dungeon.
             The game lasted 00:12:58 (5629 turns).

Zonian the Grappler (Vine Stalker Gladiator)        Turns: 5629, Time: 00:12:58

HP:   -1/43 (46)    AC: 13    Str: 18    XL:     8   Next: 93%
MP:   0/9           EV: 12    Int:  8    God:    Ashenzari [......]
Gold: 132           SH:  4    Dex: 23    Spells: 7/7 levels left

rFire   + . .      SeeInvis .      - Unarmed
rCold   + . .      Faith    .    F - +0 buckler
rNeg    . . .      Spirit   +    a - +0 leather armour
rPois   .          Reflect  .    b - +1 helmet of Ashenzari's Affliction {Self, Elem} (curse)
rElec   .          Rampage  .    n - scarf {rC+ rF+}
rCorr   .                        o - +1 pair of gloves
Will    +....                    s - +1 pair of boots
Stlth   ++                       I - amulet of magic regeneration
HPRegen 1.07/turn                r - +4 ring of protection
MPRegen 0.51/turn                l - +6 ring of dexterity

@: drained
A: fangs 3, regeneration 1, magic shield, antimagic bite, no potion heal 2
a: Renounce Religion, Shatter the Chains


You were on level 7 of the Dungeon.
You worshipped Ashenzari.
Ashenzari was noncommittal.
You visited 2 branches of the dungeon, and saw 8 of its levels.

You collected 192 gold pieces.
You spent 60 gold pieces at shops.

Inventory:

Missiles
 c - 2 throwing nets (quivered)
 d - a javelin
 u - 3 curare-tipped darts
 v - 11 poisoned darts
Armour
 a - a +0 leather armour (worn)
 b - the cursed +1 helmet of Ashenzari's Affliction (worn) {Self, Elem}

   It has a curse which improves the following skills: Introspection: Fighting
   and Spellcasting.
   Elements:  Fire Magic, Ice Magic, Air Magic and Earth Magic.
 n - a scarf of resistance (worn)
 o - a +1 pair of gloves (worn)
 s - a +1 pair of boots (worn)
 t - the +1 leather armour of the Hippo {Harm}
   (You found it on level 3 of the Dungeon)

   Harm:      It increases damage dealt and taken.
 B - an orb of mayhem
 F - a +0 buckler (worn)
Jewellery
 l - a +6 ring of dexterity (right hand)
 r - a +4 ring of protection (left hand)
 y - a ring of magical power
 I - an amulet of magic regeneration (around neck)
 L - a ring of protection from cold
Wands
 z - a wand of polymorph (19)
 C - a wand of flame (25)
 E - a wand of light (9)
Scrolls
 e - a scroll of poison
 h - 3 scrolls of teleportation
 p - a scroll of butterflies
 w - 3 scrolls of vulnerability {unknown}
 x - 2 scrolls of brand weapon
 H - a scroll of fog {unknown}
 J - a scroll of torment {unknown}
 M - a scroll of enchant weapon
Potions
 f - a potion of mutation
 g - 3 potions of curing
 i - a potion of heal wounds
 j - 3 potions of cancellation
 k - a potion of might {unknown}
 m - a potion of brilliance {unknown}
 q - a potion of berserk rage {unknown}
 A - a potion of ambrosia {unknown}
 D - a potion of lignification {unknown}
 G - a potion of resistance {unknown}
 K - a potion of attraction {unknown}


   Skills:
 + Level 7.2(7.6) Fighting
 - Level 2.0 Throwing
 - Level 2.5 Dodging
 + Level 8.3 Unarmed Combat


You had 7 spell levels left.
You didn't know any spells.
Your spell library contained the following spells:

 Spells                   Type           Power      Damage    Failure   Level
 Kiss of Death            Conj/Necr      0%         2d5       58%         1
 Confusing Touch          Hex            0%         N/A       91%         3
 Ignite Poison            Fire/Tmut/Pois 0%         N/A       91%         3
 Dispel Undead            Necr           0%         3d6       100%        4
 Sticky Flame             Conj/Fire      0%         2d3       100%        4
 Ignition                 Fire           0%         3d3       100%        8


Dungeon Overview and Level Annotations

Branches:
Dungeon (7/15)             Temple (1/1) D:6

Altars:
Ashenzari
Cheibriados
Dithmenos
Elyvilon
Hepliaklqana
Kikubaaqudgha
Makhleb
Nemelex Xobeh
Qazlal
Sif Muna
Trog
Uskayaw
Vehumet
Wu Jian
Xom
Yredelemnul
Zin
The Shining One

Shops:
D:3 =   D:4 *

Annotations:
D:7 Joseph
Temple 2 transporters


Innate Abilities, Weirdness & Mutations

You have razor-sharp teeth.
Your natural rate of healing is unusually fast.
When hurt, damage is shared between your health and your magic reserves.
Your bite disrupts and absorbs the magic of your enemies.
Potions cannot restore your health.


Message History

The bullfrog hits you.
Unknown command.
You punch Joseph! You bite Joseph! You drain his power.
You feel invigorated.
Joseph is heavily wounded.
The bullfrog hits you but does no damage.
You hit Joseph but do no damage. You bite Joseph, but do no damage.
Joseph is heavily wounded.
The bullfrog hits you. Joseph hits you with a +0 quarterstaff!
You punch Joseph!
Joseph is severely wounded.
The bullfrog hits you but does no damage.
You punch Joseph! You bite Joseph! You drain his power.
You feel invigorated.
Joseph is almost dead.
The bullfrog hits you but does no damage.
Joseph hits you with a +0 quarterstaff! You block the bullfrog's attack.
You hit Joseph but do no damage. You bite Joseph, but do no damage.
Joseph is almost dead.
The bullfrog hits you but does no damage.
The wight hits you from afar with a +0 halberd of venom!
* * * LOW HITPOINT WARNING * * *
Joseph hits you but does no damage.
You hit Joseph.
Joseph is almost dead.
The bullfrog completely misses you. The wight closely misses you.
The bullfrog misses you.
You hit Joseph but do no damage. Your bite misses Joseph.
Joseph is almost dead.
The bullfrog hits you but does no damage.
Joseph closely misses you.
The wight hits you from afar with a +0 halberd of venom!
* * * LOW HITPOINT WARNING * * *
You feel drained.
* * * LOW HITPOINT WARNING * * *
You are lethally poisoned!
Your system rejects the healing.
You feel better.
Joseph is no longer moving slowly.
The bullfrog completely misses you.
The wight hits you from afar with a +0 halberd of venom!
* * * LOW HITPOINT WARNING * * *
You feel drained.
You die...

### .. #.. #. .
#(. .##.. #)##...
###..... .
#..z.z##...
#.#@F...?#. .
#.#@.##.... .#
###.#.......#..#.
#.).......#.#...
##.###.....#...#
#..#
###.......#K.
#.## #........KK
#.# #.........
##.# ##.########
##..# ####..#


You could see Joseph (poisoned), a bullfrog and 2 wights.

Vanquished Creatures
  Prince Ribbit (D:5)
  Duvessa (D:6)
  2 ogres (D:5)
  2 phantoms
  A kobold brigand (D:7)
  A bullfrog (D:5)
  A scorpion (D:5)
  A wight (D:7)
  Dowan (D:6)
  2 howler monkeys
  3 hounds
  An orc priest (D:5)
  5 iguanas
  4 orc wizards
  7 gnolls
  6 adders
  2 shadow imps
  3 white imps
  An ufetubus (D:4)
  A worm (D:2)
  5 dart slugs
  9 orcs
  A ball python (D:1)
  6 endoplasms
  6 giant cockroaches
  11 goblins
  11 hobgoblins
  3 jackals (D:2)
  5 quokkas
  3 bats
  5 frilled lizards
  9 kobolds
  5 rats
125 creatures vanquished.

Vanquished Creatures (others)
  An orc wizard (D:6)
1 creature vanquished.

Grand Total: 126 creatures vanquished

Notes
Turn   | Place    | Note
-------+----------+-------------------------------------------
     0 | D:1      | Zonian the Vine Stalker Gladiator began the quest for the
                  | Orb.
     0 | D:1      | Reached XP level 1. HP: 11/11 MP: 2/2
    99 | D:1      | Reached XP level 2. HP: 15/15 MP: 3/3
   793 | D:1      | Reached XP level 3. HP: 18/18 MP: 4/4
  1180 | D:2      | Gained mutation: Your natural rate of healing is unusually
                  | fast. [Vine Stalker growth]
  1180 | D:2      | Reached XP level 4. HP: 23/23 MP: 5/5
  1392 | D:2      | Reached skill level 4 in Unarmed Combat
  1913 | D:3      | Found Bozacamp's Jewellery Emporium.
  1978 | D:3      | Found a faded altar of an unknown god.
  2136 | D:3      | Identified the +1 leather armour of the Hippo {Harm}
  2713 | D:4      | Reached XP level 5. HP: 28/28 MP: 4/6
  2781 | D:4      | Noticed a phantom
  2797 | D:4      | Killed a phantom
  2962 | D:4      | Identified a scroll of acquirement
  2962 | D:4      | Acquired a +6 ring of dexterity
  3102 | D:4      | Reached skill level 5 in Unarmed Combat
  3102 | D:4      | Reached XP level 6. HP: 33/33 MP: 7/7
  3491 | D:4      | Found Unobuox's Assorted Antiques.
  3505 | D:4      | Bought a scroll labelled MEAFAGH CEMEC for 32 gold pieces
  3505 | D:4      | Bought a smoky cyan potion for 28 gold pieces
  3716 | D:5      | Entered Level 5 of the Dungeon
  3807 | D:5      | Noticed Prince Ribbit
  3824 | D:5      | Killed Prince Ribbit
  3825 | D:5      | Reached skill level 6 in Unarmed Combat
  3825 | D:5      | Reached XP level 7. HP: 15/38 MP: 4/8
  3996 | D:5      | Reached skill level 5 in Fighting
  4157 | D:5      | Gained mutation: You have razor-sharp teeth. [Vine Stalker
                  | growth]
  4157 | D:5      | Reached XP level 8. HP: 44/44 MP: 9/9
  4447 | D:5      | Reached skill level 7 in Unarmed Combat
  4803 | D:6      | Found a staircase to the Ecumenical Temple.
  4815 | D:6      | Identified the +6 dagger of Armageddon {freeze, rPois}
  4818 | Temple   | Entered the Ecumenical Temple
  4818 | Temple   | Found a transporter.
  4818 | Temple   | Found a transporter.
  4820 | Temple   | Found a transporter.
  4820 | Temple   | Found a transporter.
  4849 | Temple   | Became a worshipper of Ashenzari the Shackled
  5141 | D:6      | Noticed Duvessa
  5141 | D:6      | Noticed Dowan
  5148 | D:6      | Killed Duvessa
  5157 | D:6      | Killed Dowan
  5158 | D:6      | Reached skill level 8 in Unarmed Combat
  5615 | D:7      | Noticed Joseph
  5629 | D:7      | HP: 1/44 [wight/+0 halberd of venom (4)]
  5629 | D:7      | Slain by a wight

Illustrated notes

Levels and vault maps discovered:
D:1:      lightli_arrival_statue_moat, layout_basic
D:2:      layout_basic
D:3:      layout_basic, chequers_ecumenical_altar_island, serial_shops, shop
D:4:      layout_loops_cross, serial_shops, shop_statue
D:5:      layout_basic, uniq_prince_ribbit1
D:6:      layout_basic, minmay_temple_entry_offerings, uniq_duvessa
D:7:      wad_lake_hut, layout_rooms, mainiacjoe_overflow_alcove_1,
          serial_shops, nicolae_inconvenience_store,
          hangedman_decor_peaks_small, uniq_joseph
Temple:   hellmonk_temple_divided_pantheon

Skill      XL: |  1  2  3  4  5  6  7  8 |
---------------+-------------------------+-----
Fighting       | 2 3 4 5 7 |  7.2
Throwing       | 2 |  2.0
Unarmed Combat | 4 5 6 8 |  8.3
Dodging        | |  2.5

Action                     |  1- 3 |  4- 6 |  7- 9 || total
---------------------------+-------+-------+-------++-------
  Melee: Unarmed           |   108 |   156 |   170 ||   434
         Bite              |    24 |    38 |    56 ||   118
         Punch             |       |     4 |     8 ||    12
  Throw: Javelin           |       |     2 |       ||     2
         Throwing net      |       |     3 |     1 ||     4
         Dart              |       |     1 |     1 ||     2
 Invoke: Curse Item        |       |       |     1 ||     1
  Evoke: Wand              |       |       |     1 ||     1
    Use: Scroll            |       |    13 |     1 ||    14
         Potion            |       |       |     2 ||     2
   Stab: Sleeping          |     2 |     1 |     3 ||     6
         Distracted        |       |     1 |       ||     1
         Invisible         |       |       |     1 ||     1
 Armour: Leather armour    |    28 |    37 |    61 ||   126
  Dodge: Dodged            |    68 |    82 |    71 ||   221
  Block: Buckler           |       |       |    12 ||    12

Table legend: (Time is in decaauts)
 A = Elapsed time spent in this place.
 B = Non-inter-level travel time spent in this place.
 C = Inter-level travel time spent in this place.
 D = Time resting spent in this place.
 E = Time spent auto-exploring this place.
 F = Levels seen in this place.
 G = Mean time per level.
                   A        B        C        D        E       F      G
               +--------+--------+--------+--------+--------+-----+--------+
         Total |   5594 |   5393 |    201 |    468 |   3666 |   8 |  699.2 |
       Dungeon |   5541 |   5340 |    201 |    468 |   3666 |   7 |  791.6 |
        Temple |     52 |     52 |      0 |      0 |      0 |   1 |   52.0 |
               +--------+--------+--------+--------+--------+-----+--------+

Top non-repeatable levels by time:
     D:5: 1029 daAuts
     D:1: 1017 daAuts
     D:4: 1008 daAuts
     D:3: 877 daAuts
     D:2: 798 daAuts
     D:6: 623 daAuts
     D:7: 186 daAuts
  Temple: 52 daAuts
